 Dungeon Crawl Stone Soup version 0.16-a0-2818-g1ef6e07 (webtiles) character file.

125 Conquistador the Insei (level 5, -1/50 HPs)
             Began as a Naga Monk on Nov 28, 2014.
             Slain by Kemay's ghost (9 damage)
             ... on level 3 of the Dungeon.
             The game lasted 00:09:34 (3677 turns).

Conquistador the Insei (Naga Monk)                  Turns: 3677, Time: 00:09:35

Health: -1/50      AC:  3    Str: 13    XL:     5   Next: 9%
Magic:  11/11      EV: 10    Int: 12    God:
Gold:   107        SH:  0    Dex: 13    Spells: 0 memorised, 10 levels left

rFire  . . .     SeeInvis +       - Unarmed
rCold  . . .     Clarity  .     j - +0 leather armour (curse)
rNeg   . . .     SustAb   .     (no shield)
rPois  +         Gourm    .     (no helmet)
rElec  .         Spirit   .     (no cloak)
rCorr  .         Warding  .     (no gloves)
rMut   .         Stasis   .     (no barding)
MR     .....                    (no amulet)
Stlth  ++........               (no ring)
                                (no ring)

@: very slow, not resistant to hostile enchantments, unstealthy
A: spit poison, see invisible, deformed body, poison resistance, slowness 2, AC
+1
a: Spit Poison


You were on level 3 of the Dungeon.
You were full.

You visited 1 branch of the dungeon, and saw 3 of its levels.

You collected 107 gold pieces.

Inventory:

Armour
 a - a +0 robe
 j - a cursed +0 leather armour (worn)
Scrolls
 c - 2 scrolls of recharging {unknown}
 d - a scroll of enchant armour {unknown}
 e - 2 scrolls of remove curse {unknown}
 f - a scroll of enchant weapon {unknown}
 k - a scroll of teleportation {unknown}
 m - a scroll of identify {unknown}
 n - a scroll of random uselessness {unknown}
Potions
 b - a potion of flight {unknown}
 g - a potion of agility {unknown}
 h - a potion of lignification {unknown}
 q - a potion of haste {unknown}
Comestibles
 i - a bread ration
 l - a meat ration
 o - 2 fruits


   Skills:
 + Level 3.7 Fighting
 + Level 2.8 Dodging
 - Level 3.0 Stealth
 - Level 4.0 Unarmed Combat
 * Level 3.1 Spellcasting


You had 10 spell levels left.
You didn't know any spells.

Dungeon Overview and Level Annotations

Branches:
Dungeon (3/15)

Altars:

Annotations:
D:3 Kemay's ghost, average DrTm


Innate Abilities, Weirdness & Mutations

You cannot wear boots.
You can spit poison.
Your serpentine skin is tough (AC +1).
You have supernaturally acute eyesight.
Armour fits poorly on your strangely shaped body.
Your system is resistant to poisons.
You cover ground very slowly.


Message History

Kemay's ghost hits you. Kemay's ghost hits you. Kemay's ghost hits you.
You see here a jackal corpse.
Kemay's ghost hits you.
* * * LOW HITPOINT WARNING * * *
You see here a jackal corpse.
Kemay's ghost hits you.
* * * LOW HITPOINT WARNING * * *
Kemay's ghost hits you.
* * * LOW HITPOINT WARNING * * *
Kemay's ghost hits you!
* * * LOW HITPOINT WARNING * * *
Drink which item? (? for menu, Esc to quit)
You feel better. Kemay's ghost hits you.
* * * LOW HITPOINT WARNING * * *
Kemay's ghost closely misses you.
Kemay's ghost screams, "You will join me soon!"
Kemay's ghost hits you!
You die...

#.#(# #.#.#####
#.#.#...# #.#.#[#.#
#.#.#.#.# #<#.#.#.#
###.#.#.# #.....#.#
#######@####
.........W..# .......
........##.#
...##...###########.#
...##...... #.#
...##...... #.#
.......... #.#
........# #.#
........# #.#


You could see Kemay's ghost.

Vanquished Creatures
  An orc priest (D:3)
  3 adders (D:2)
  A worm (D:3)
  An ooze (D:1)
  4 orcs
  3 giant cockroaches
  6 hobgoblins
  2 jackals (D:3)
  3 quokkas (D:2)
  2 ball pythons
  8 bats
  5 giant newts (D:2)
  11 goblins
  9 kobolds
  4 rats
63 creatures vanquished.

Notes
Turn   | Place    | Note
--------------------------------------------------------------
     0 | D:1      | Conquistador, the Naga Monk, began the quest for the Orb.
     0 | D:1      | Reached XP level 1. HP: 21/21 MP: 1/1
   374 | D:1      | Reached skill level 1 in Spellcasting
   374 | D:1      | Reached XP level 2. HP: 21/28 MP: 1/3
  1114 | D:1      | Reached XP level 3. HP: 31/34 MP: 5/5
  1765 | D:2      | Reached XP level 4. HP: 12/42 MP: 8/8
  2332 | D:3      | HP: 2/42 [orc priest/flail (6)]
  2815 | D:3      | Reached XP level 5. HP: 26/50 MP: 11/11
  2984 | D:3      | Noticed Kemay's ghost (average DrTm)
  3224 | D:2      | HP: 2/50 [giant cockroach (2)]
  3671 | D:3      | HP: 1/50 [Kemay's ghost (9)]
  3677 | D:3      | Slain by Kemay's ghost

Action                   |  1- 3 |  4- 6 || total
-------------------------+-------+-------++-------
Melee: Unarmed           |   146 |   112 ||   258
  Use: Potion            |       |     2 ||     2
 Stab: Sleeping          |     4 |     2 ||     6
  Eat: Bread ration      |     1 |     1 ||     2
       Beef jerky        |       |     2 ||     2
       Pizza             |       |     1 ||     1
